 Dungeon Crawl Stone Soup version 0.29-a0-317-gd16b76e6b1 (webtiles) character file.

Game seed: 13420077218745502536

51653 Dabor the Basher (level 14, -3/92 HPs)
             Began as a Gargoyle Fighter on Mar 30, 2022.
             Was a High Priest of Okawaru.
             Frozen to death by raistware's ghost (43 damage)
             ... in the Arena.
             The game lasted 00:36:08 (16827 turns).

Dabor the Basher (Gargoyle Fighter)                Turns: 16827, Time: 00:36:08

Health: -3/92      AC: 33    Str: 27    XL:     14   Next: 60%
Magic:  15/19      EV: 17    Int: 11    God:    Okawaru [*****.]
Gold:   605        SH: 15    Dex: 11    Spells: 13/13 levels left

rFire   + + +      SeeInvis +   E - +8 whip "Snakebite" {venom, curare, rPois}
rCold   x . .      Faith    .   i - +0 kite shield
rNeg    + + +      Spirit   .   F - +3 chain mail "Omnid" {rC- rN+ Regen+ Int+2}
rPois   ∞          Reflect  .   Q - +0 hat
rElec   +          Harm     .   W - scarf {repulsion}
rCorr   +          Rampage  .   P - +0 pair of gloves
Will    +....                   B - +2 pair of boots {Stlth+}
Stlth   +.........              n - amulet of magic regeneration
HPRegen 1.05/turn               h - +4 ring of evasion
MPRegen 0.56/turn               T - ring of Riysm {Fire rElec rN+ Str+4}

@: resistant, heroic, finesse-ful, flying, studying Maces & Flails, repel
missiles, duelling
A: sickness immunity, AC +10, big wings, negative energy resistance 1,
electricity resistance, torment resistance 1, petrification resistance, claws 1,
large bone plates 1, see invisible, fire resistance 1
a: Renounce Religion, Heroism, Finesse, Duel


You were in the Arena.
You worshipped Okawaru.
Okawaru was extremely pleased with you.
You visited 3 branches of the dungeon, and saw 16 of its levels.
You also visited: Sewer and Bailey.

You collected 1271 gold pieces.
You spent 666 gold pieces at shops.

Inventory:

Hand Weapons
 s - the +4 dire flail "Hulit" {flame, rC++}
   (You found it on level 5 of the Dungeon)

   It burns those it strikes, dealing additional fire damage.
   rC:        It greatly protects you from cold.
 E - the +8 whip "Snakebite" (weapon) {venom, curare, rPois}
   (You found it on level 5 of the Lair of Beasts)

   It poisons the flesh of those it strikes.
   It occasionally inflicts asphyxiating poison on those it strikes, dealing
   poison damage and causing slowness.
   rPois:     It protects you from poison.
Missiles
 b - 21 boomerangs
 k - 8 datura-tipped darts
 w - 46 poisoned darts (quivered)
 z - 3 throwing nets
 I - 6 javelins
 R - 3 silver javelins
 U - 5 curare-tipped darts
Armour
 i - a +0 kite shield (worn)
 B - a +2 pair of boots of stealth (worn)
 F - the +3 chain mail "Omnid" (worn) {rC- rN+ Regen+ Int+2}
   (You bought it in a shop on level 6 of the Dungeon)

   Int:       It affects your intelligence (+2).
   rC:        It makes you vulnerable to cold.
   rN:        It protects you from negative energy.
   Regen:     It increases your rate of health regeneration.
 P - a +0 pair of gloves (worn)
 Q - a +0 hat (worn)
 V - the +0 cloak "Perphon" {Int+2 Dex+2}
   (Okawaru gifted it to you on level 6 of the Lair of Beasts)

   Int:       It affects your intelligence (+2).
   Dex:       It affects your dexterity (+2).
 W - a scarf of repulsion (worn)
Jewellery
 h - a +4 ring of evasion (left hand)
 m - a ring of positive energy
 n - an amulet of magic regeneration (around neck)
 T - the ring of Riysm (right hand) {Fire rElec rN+ Str+4}
   (You acquired it on level 3 of the Lair of Beasts)

   [ring of fire]

   It enhances your fire magic.
   Str:       It affects your strength (+4).
   rF:        It protects you from fire.
   rC:        It makes you vulnerable to cold.
   rElec:     It insulates you from electricity.
   rN:        It protects you from negative energy.
Wands
 a - a wand of paralysis (2)
 g - a wand of mindburst (5)
 r - a wand of flame (11)
 C - a wand of iceblast (11)
 N - a wand of acid (9)
Scrolls
 d - 3 scrolls of fear
 e - 11 scrolls of teleportation
 o - 3 scrolls of silence
 q - 4 scrolls of amnesia
 u - 6 scrolls of enchant weapon
 x - 5 scrolls of blinking
 y - 2 scrolls of immolation
 A - 4 scrolls of fog
 D - a scroll of enchant armour
 H - 3 scrolls of magic mapping
 K - a scroll of holy word
 M - 7 scrolls of identify
Potions
 c - 3 potions of mutation
 f - 10 potions of curing
 j - 5 potions of brilliance
 l - 2 potions of lignification
 p - 5 potions of heal wounds
 t - 4 potions of haste
 J - a potion of invisibility {unknown}
 O - a potion of ambrosia
Miscellaneous
 G - a lightning rod (3/4)
 S - a phial of floods (inert)


   Skills:
 + Level 12.9(17.9) Fighting
 + Level 13.8(18.8) Maces & Flails
 - Level 5.0(10.0) Throwing
 + Level 13.0(18.0) Armour
 + Level 9.6(14.6) Dodging
 - Level 6.1(11.1) Shields
 - Level 7.0 Invocations
 - Level 5.0 Evocations


You had 13 spell levels left.
You didn't know any spells.
Your spell library contained the following spells:

 Spells                   Type           Power      Damage    Failure   Level
 Foxfire                  Conj/Fire      0%         2x1d4     94%         1
 Magic Dart               Conj           0%         1d3       94%         1
 Sting                    Tmut/Pois      0%         1d3       94%         1
 Corpse Rot               Necr/Air       0%         N/A       98%         2
 Ensorcelled Hibernation  Hex/Ice        0%         N/A       98%         2
 Passwall                 Tmut/Erth      0%         N/A       98%         2
 Poisonous Vapours        Pois/Air       0%         N/A       98%         2
 Scorch                   Fire           0%         2d5       98%         2
 Searing Ray              Conj           0%         2d4       98%         2
 Conjure Flame            Conj/Fire      0%         6-21      100%        3
 Ignite Poison            Fire/Tmut/Pois 0%         N/A       100%        3
 Inner Flame              Hex/Fire       0%         N/A       100%        3
 Mephitic Cloud           Conj/Pois/Air  0%         N/A       100%        3
 Ozocubu's Armour         Ice            0%         N/A       100%        3
 Swiftness                Air            0%         N/A       100%        3
 Dispel Undead            Necr           0%         3d6       100%        4
 Flame Wave               Conj/Fire      0%         2d4       100%        4
 Fulminant Prism          Conj/Hex       0%         3d6       100%        4
 Olgreb's Toxic Radiance  Pois           0%         N/A       100%        4
 Freezing Cloud           Conj/Ice/Air   0%         6-21      100%        5
 Ozocubu's Refrigeration  Ice            0%         4d5       100%        7
 Death Channel            Necr           Unusable   N/A       N/A         6
 Summon Cactus Giant      Summ           Unusable   N/A       N/A         6

Dungeon Overview and Level Annotations

Branches:
Dungeon (9/15)             Temple (1/1) D:6            Lair (6/6) D:9
 Shoals (0/4) Lair:2        Snake (0/4) Lair:4        Slime (0/5) Lair:5
  Sewer (visited)          Bailey (visited)
    Orc: D:9-12

Altars:
Ashenzari
Cheibriados
Dithmenos
Elyvilon
Fedhas
Gozag
Hepliaklqana
Kikubaaqudgha
Makhleb
Nemelex Xobeh
Okawaru
Qazlal
Ru
Sif Muna
Trog
Uskayaw
Vehumet
Wu Jian
Xom
Yredelemnul
Zin
The Shining One
Jiyva

Shops:
D:6 [   D:8 ?

Annotations:
Lair:5 1 runed translucent door
Lair:6 Turbonekonecno's ghost, journeyman SpEn; Tutankhamun's ghost, journeyman TrFi; feta's ghost, journeyman GnIE; flestrin's ghost, journeyman MfGl Arena raistware's ghost, journeyman HuIE


Innate Abilities, Weirdness & Mutations

You are immune to sickness and miasma.
Your stone body is resilient. (AC +10)
You are immune to poison.
Your large and strong wings let you fly.
You resist negative energy. (rN+)
You are resistant to electric shocks. (rElec)
You are resistant to unholy torment.
You are immune to petrification.
You have sharp fingernails.
You are partially covered in large bone plates. (SH +4)
You have supernaturally acute eyesight. (SInv)
Your flesh is heat resistant. (rF+)


Message History

Raistware's ghost is heavily damaged.
Raistware's ghost freezes you.
You are frozen.
You feel a terrible chill!
You closely miss raistware's ghost.
Raistware's ghost is heavily damaged.
You hit raistware's ghost.
Raistware's ghost is heavily damaged.
You whack raistware's ghost!
Raistware's ghost is severely damaged.
Raistware's ghost hits you but does no damage.
You miss raistware's ghost.
Raistware's ghost is severely damaged.
You hit raistware's ghost but do no damage.
Raistware's ghost is severely damaged.
You miss raistware's ghost.
Raistware's ghost is severely damaged.
Raistware's ghost freezes you.
You are frozen!!
You feel a terrible chill!
* * * LOW HITPOINT WARNING * * *
You completely miss raistware's ghost.
Raistware's ghost is heavily damaged.
You feel better.
Raistware's ghost hits you but does no damage.
You hit raistware's ghost.
Raistware's ghost is severely damaged.
You closely miss raistware's ghost.
Raistware's ghost is severely damaged.
You block raistware's ghost's attack.
You whack raistware's ghost!
Raistware's ghost is severely damaged.
You hit raistware's ghost.
Raistware's ghost is severely damaged.
You hit raistware's ghost.
Raistware's ghost is almost destroyed.
You miss raistware's ghost.
Raistware's ghost is almost destroyed.
Raistware's ghost freezes you.
You are frozen!!!
You feel a terrible chill!
You die...
Okawaru crowns raistware's ghost victorious!

###############
#....pp▓pp....#
#▓▓▓▓▓▓▓▓▓▓▓▓▓#
#.............#
#.8...W@....8.#
#.............#
#▓▓▓▓▓▓▓▓▓▓▓▓▓#
#.p▓.p▓∩▓p.▓p.#
###############


You could see raistware's ghost.

Vanquished Creatures
  Rupert (Lair:6)
  Gastronok (Lair:2)
  An orc warlord (Bailey)
  The ghost of Cam Moxe the Thrower, a journeyman OgHu of Fedhas (Lair:2)
  11 hydras
  An ogre mage (D:9)
  A centaur warrior (D:9)
  2 two-headed ogres
  A merfolk avatar (Lair:6)
  Sonja (Lair:3)
  Amaemon (Lair:2)
  The ghost of Iidacon the Cleaver, a novice MiBe of Trog (D:7)
  A fire crab (shapeshifter) (D:9)
  A deep troll (D:9)
  A sea snake (Lair:6)
  A lindwurm (Lair:5)
  A deep elf pyromancer (D:9)
  2 harpies (Lair:6)
  A manticore (Lair:6)
  An ugly thing (D:9)
  An elephant (Lair:6)
  A merfolk siren (Lair:2)
  8 black mambas
  13 cane toads
  An orange demon (Lair:2)
  A kobold demonologist (D:7)
  11 komodo dragons
  3 rime drakes
  4 polar bears
  2 hornets
  A troll (D:8)
  A wind drake (Lair:6)
  Grinder (D:5)
  23 blink frogs
  2 snapping turtles (Lair:6)
  Sigmund (D:4)
  5 wyverns
  A wraith (D:8)
  25 yaks
  A human (shapeshifter) (D:9)
  3 basilisks
  A vampire mosquito (D:7)
  2 steam dragons (D:9)
  4 nagas (Lair:4)
  24 water moccasins
  11 orc warriors
  An ice beast (D:5)
  3 sky beasts
  5 black bears
  11 wolves
  4 centaurs
  2 phantoms (D:4)
  6 kobold brigands
  12 bullfrogs
  A necrophage (D:6)
  5 scorpions
  3 wights (D:8)
  6 killer bees
  5 howler monkeys
  2 electric eels (Lair:2)
  4 hounds
  4 orc priests
  Jessica (D:2)
  Ijyb (D:5)
  6 iguanas
  3 orc wizards
  6 hell rats (Lair:6)
  A statue (D:6)
  4 gnolls
  14 adders
  A river rat (D:4)
  A shadow imp (D:7)
  4 white imps
  An ufetubus (D:5)
  A worm (D:4)
  4 dart slugs
  28 orcs
  8 endoplasms
  6 giant cockroaches
  6 hobgoblins
  4 jackals (D:4)
  5 quokkas
  8 ball pythons
  12 bats
  2 frilled lizards
  18 goblins
  39 kobolds
  9 rats
450 creatures vanquished.

Vanquished Creatures (others)
  22 fungi
  35 plants
  2 withered plants (Lair:2)
59 creatures vanquished.

Grand Total: 509 creatures vanquished

Notes
Turn   | Place    | Note
-------+----------+-------------------------------------------
     0 | D:1      | Dabor the Gargoyle Fighter began the quest for the Orb.
     0 | D:1      | Reached XP level 1. HP: 14/14 MP: 1/1
     0 | D:1      | Noticed a barachi
     4 | D:1      | Noticed a spriggan
     7 | D:1      | Noticed a felid
    15 | D:1      | Noticed a troll
    17 | D:1      | Noticed a barachi
    17 | D:1      | Noticed a spriggan
   252 | D:1      | Reached XP level 2. HP: 19/19 MP: 2/2
   584 | D:1      | Reached XP level 3. HP: 13/23 MP: 3/3
  1287 | D:2      | Noticed a black bear
  1297 | D:2      | Killed a black bear
  1298 | D:2      | Reached skill level 1 in Throwing
  1298 | D:2      | Reached XP level 4. HP: 14/29 MP: 4/4
  1298 | D:2      | Reached XP level 5. HP: 16/33 MP: 5/5
  1660 | D:2      | Noticed Jessica
  1674 | D:2      | Reached skill level 1 in Dodging
  1697 | D:2      | Killed Jessica
  1818 | D:2      | Reached XP level 6. HP: 39/39 MP: 6/6
  2476 | D:3      | Found a stormy altar of Qazlal.
  2750 | D:3      | Found a faded altar of an unknown god.
  2859 | D:3      | Prayed at the altar of an unknown god.
  2859 | D:3      | Became a worshipper of Ru the Awakened
  2970 | D:4      | Found a glowing drain.
  2991 | Sewer    | Entered a sewer
  3528 | Sewer    | Reached XP level 7. HP: 37/44 MP: 7/7
  3982 | D:4      | Reached skill level 5 in Fighting
  4226 | D:4      | Reached skill level 5 in Armour
  4232 | D:4      | Reached skill level 5 in Shields
  4270 | D:4      | Noticed Sigmund
  4312 | D:4      | Reached XP level 8. HP: 34/49 MP: 8/8
  4318 | D:4      | Killed Sigmund
  4653 | D:4      | Noticed a wyvern
  4664 | D:4      | Killed a wyvern
  5501 | D:4      | Gained mutation: You have sharp fingernails. [potion of
                  | mutation]
  5501 | D:4      | Gained mutation: You are clumsy. (Dex -2) [potion of
                  | mutation]
  5501 | D:4      | Gained mutation: Your spells are a little easier to cast,
                  | but a little less powerful. [potion of mutation]
  5502 | D:4      | Lost mutation: Your spells are a little easier to cast, but
                  | a little less powerful. [potion of mutation]
  5502 | D:4      | Lost mutation: You are clumsy. (Dex -2) [potion of
                  | mutation]
  5502 | D:4      | Gained mutation: Your flesh is heat resistant. (rF+)
                  | [potion of mutation]
  5502 | D:4      | Gained mutation: You have supernaturally acute eyesight.
                  | (SInv) [potion of mutation]
  5502 | D:4      | Gained mutation: You are partially covered in large bone
                  | plates. (SH +4) [potion of mutation]
  5511 | D:5      | Entered Level 5 of the Dungeon
  5674 | D:5      | Noticed Ijyb
  5692 | D:5      | Killed Ijyb
  6093 | D:5      | Noticed Grinder
  6110 | D:5      | Paralysed by Grinder for 7 turns
  6118 | D:5      | Killed Grinder
  6119 | D:5      | Reached skill level 5 in Maces & Flails
  6119 | D:5      | Reached XP level 9. HP: 40/55 MP: 9/9
  6323 | D:5      | Identified the +4 dire flail "Hulit" {flame, rC++}
  6600 | D:6      | Found a radiant altar of Vehumet.
  6723 | D:6      | Found a bloodstained altar of Trog.
  6772 | D:6      | Noticed a two-headed ogre
  6780 | D:6      | Killed a two-headed ogre
  7042 | D:6      | Found Tuupn's Armour Shoppe.
  7251 | D:6      | Found a staircase to the Ecumenical Temple.
  7260 | Temple   | Entered the Ecumenical Temple
  7447 | Temple   | Fell from the grace of Ru
  7447 | Temple   | Became a worshipper of Warmaster Okawaru
  7830 | D:6      | Bought the +3 chain mail "Omnid" {rC- rN+ Regen+ Int+2} for
                  | 390 gold pieces
  8081 | D:7      | Reached XP level 10. HP: 63/63 MP: 10/10
  8252 | D:7      | Reached skill level 1 in Invocations
  8252 | D:7      | Reached skill level 1 in Evocations
  8263 | D:7      | Reached skill level 5 in Throwing
  8285 | D:7      | Reached * piety under Okawaru
  8386 | D:7      | Found a runed translucent gate.
  8387 | D:7      | Found a runed translucent gate.
  8387 | D:7      | Found an opulent altar of Gozag.
  8388 | D:7      | Found a runed translucent gate.
  8388 | D:7      | Noticed a kobold demonologist
  8390 | D:7      | Noticed Iidacon's ghost (novice MiBe)
  8610 | D:7      | Killed Iidacon's ghost
  8610 | D:7      | Reached ** piety under Okawaru
  8611 | D:7      | Reached skill level 5 in Dodging
  8613 | D:7      | Killed a kobold demonologist
  8767 | D:8      | Found a flagged portal.
  8782 | Bailey   | Entered a bailey
  8803 | Bailey   | Noticed an orc warlord
  8955 | Bailey   | Found a runed translucent gate.
  8963 | Bailey   | Found a runed translucent gate.
  8968 | Bailey   | Found a runed translucent gate.
  9124 | Bailey   | Killed an orc warlord
  9124 | Bailey   | Reached *** piety under Okawaru
  9125 | Bailey   | Reached XP level 11. HP: 38/68 MP: 11/13
  9156 | D:8      | Acquired a +2 pair of boots of stealth
  9251 | D:8      | Identified the +0 robe "Xerchygh" {Int+6}
  9274 | D:8      | Received a gift from Okawaru
  9425 | D:8      | Found a snail-covered altar of Cheibriados.
  9441 | D:8      | Found a hazy altar of Hepliaklqana.
  9642 | D:8      | Found Cuqaenoe's Magic Scroll Emporium.
  9667 | D:8      | Bought a scroll of magic mapping for 52 gold pieces
  9667 | D:8      | Bought a scroll of holy word for 112 gold pieces
  9667 | D:8      | Bought a scroll of blinking for 112 gold pieces
  9676 | D:8      | Noticed a two-headed ogre
  9682 | D:8      | Killed a two-headed ogre
  9682 | D:8      | Reached **** piety under Okawaru
  9946 | D:9      | Found a staircase to the Lair.
 10057 | D:9      | Noticed a red ugly thing
 10065 | D:9      | Killed a red ugly thing
 10066 | D:9      | Reached skill level 5 in Invocations
 10068 | D:9      | Received a gift from Okawaru
 10172 | D:9      | Noticed a deep elf pyromancer
 10172 | D:9      | Noticed a four-headed hydra
 10172 | D:9      | Noticed a fire crab
 10172 | D:9      | Noticed an ogre mage
 10176 | D:9      | Killed a deep elf pyromancer
 10182 | D:9      | Killed a fire crab
 10188 | D:9      | Killed a four-headed hydra
 10194 | D:9      | Paralysed by an ogre mage for 5 turns
 10200 | D:9      | Killed an ogre mage
 10200 | D:9      | Reached ***** piety under Okawaru
 10200 | D:9      | Received a gift from Okawaru
 10416 | D:9      | Found a shimmering altar of Xom.
 10433 | D:9      | Noticed a centaur warrior
 10441 | D:9      | Noticed an ogre mage
 10444 | D:9      | Noticed a cyclops
 10457 | D:9      | Killed a centaur warrior
 10457 | D:9      | Noticed a deep troll
 10458 | D:9      | Reached skill level 5 in Evocations
 10458 | D:9      | Reached XP level 12. HP: 42/76 MP: 8/16
 10497 | Lair:1   | Entered Level 1 of the Lair of Beasts
 10713 | Lair:1   | Received a gift from Okawaru
 11313 | Lair:1   | Noticed a seven-headed hydra
 11327 | Lair:1   | Killed a seven-headed hydra
 11328 | Lair:1   | Reached skill level 10 in Armour
 11818 | Lair:2   | Reached skill level 10 in Fighting
 11943 | Lair:2   | Acquired a manual of Maces & Flails
 11954 | Lair:2   | Noticed Gastronok
 11976 | Lair:2   | Found a runed translucent door.
 11976 | Lair:2   | Noticed Cam Moxe's ghost (journeyman OgHu)
 11990 | Lair:2   | Noticed Amaemon
 11992 | Lair:2   | You fall into a shaft and drop 2 floors!
 11992 | Lair:4   | Noticed a five-headed hydra
 12003 | Lair:4   | Killed a five-headed hydra
 12315 | Lair:2   | Found a staircase to the Shoals.
 12336 | Lair:2   | Received a gift from Okawaru
 12375 | Lair:2   | Killed Amaemon
 12375 | Lair:2   | Received a gift from Okawaru
 12432 | Lair:2   | Killed Gastronok
 12432 | Lair:2   | Received a gift from Okawaru
 12433 | Lair:2   | Reached skill level 10 in Maces & Flails
 12433 | Lair:2   | Reached XP level 13. HP: 59/83 MP: 18/18
 12946 | Lair:2   | Killed Cam Moxe's ghost
 12984 | Lair:3   | Received a gift from Okawaru
 13114 | Lair:3   | Acquired the ring of Riysm {Fire rElec rN+ Str+4}
 13244 | Lair:3   | Noticed Sonja
 13259 | Lair:3   | Killed Sonja
 13976 | Lair:4   | Found a staircase to the Snake Pit.
 14306 | Lair:5   | Reached ****** piety under Okawaru
 14679 | Lair:5   | Found a runed translucent door.
 14679 | Lair:5   | Found a viscous altar of Jiyva.
 14680 | Lair:5   | Found a staircase to the Slime Pits.
 15061 | Lair:5   | Found the +8 whip "Snakebite" {venom, curare, rPois}
 15249 | Lair:6   | Entered Level 6 of the Lair of Beasts
 15254 | Lair:6   | Received a gift from Okawaru
 15577 | Lair:5   | Gained mutation: Your large and strong wings let you fly.
                  | [Gargoyle growth]
 15577 | Lair:5   | Reached XP level 14. HP: 92/92 MP: 19/19
 16003 | Lair:6   | Found a runed translucent gate.
 16003 | Lair:6   | Found a runed translucent gate.
 16003 | Lair:6   | Found a runed translucent gate.
 16004 | Lair:6   | Noticed feta's ghost (journeyman GnIE)
 16004 | Lair:6   | Noticed flestrin's ghost (journeyman MfGl)
 16004 | Lair:6   | Noticed Tutankhamun's ghost (journeyman TrFi)
 16005 | Lair:6   | Noticed Turbonekonecno's ghost (journeyman SpEn)
 16005 | Lair:6   | Noticed raistware's ghost (journeyman HuIE)
 16168 | Lair:6   | Received a gift from Okawaru
 16433 | Lair:6   | Noticed Rupert
 16436 | Lair:6   | Paralysed by Rupert for 3 turns
 16460 | Lair:6   | Killed Rupert
 16460 | Lair:6   | Identified the +0 cloak "Perphon" {Int+2 Dex+2} (Okawaru
                  | gifted it to you on level 6 of the Lair of Beasts)
 16460 | Lair:6   | Received a gift from Okawaru
 16812 | Arena    | Entered the Arena
 16827 | Arena    | Frozen to death by raistware's ghost

Illustrated notes

Levels and vault maps discovered:
D:1:      shiori_arrival_whats_in_store_for_you, layout_basic
D:2:      wander_river, layout_loops_ring, minmay_small_reverse_x, uniq_jessica
D:3:      layout_basic, nicolae_overflow_hidden_temple,
          shapermc_ecumenical_altar_venn, serial_bayou_pond_d
D:4:      layout_basic, lightli_sewer_entry_pipes, uniq_sigmund
D:5:      layout_cave_pods, corexii_checkpoint_a, uniq_ijyb, uniq_grinder
D:6:      layout_basic, vehumet_statue, trog_three_pillars_becter,
          temple_doors_cd, serial_shops, shop
D:7:      layout_rooms, ebering_ghost_gozag, hangedman_decor_opposing,
          nicolae_sextant, minmay_circle_x
D:8:      layout_loops_ring, mainiacjoe_overflow_large_starburst, serial_shops,
          nicolae_square_shop, enter_bailey_3, kennysheep_cluttered_room
D:9:      layout_cave_pools, mainiacjoe_overflow_24_doors, lair_entry_dummy,
          nicolae_rejected_hall
Temple:   regret_index_temple_sphere_string
Lair:1:   layout_layer_cave
Lair:2:   layout_gridlike, minmay_shoals_entry_lonely_mermaid,
          gammafunk_ghost_grave, fungi_pond_lemuel, infiniplex_staircase_pool_2,
          uniq_amaemon, uniq_gastronok
Lair:3:   layout_long_grid, uniq_sonja
Lair:4:   layout_concentric_octagons, guppyfry_snake_entry_island
Lair:5:   minmay_guarded_unrand_snakebite, layout_gridlike, slime_altar_2
Lair:6:   gammafunk_lair_ancient_temple, layout_gridlike,
          gammafunk_ghost_cemetery, lemuel_fruit_tree, uniq_rupert
Arena

Skill      XL: |  1  2  3  4  5  6  7  8  9 10 11 12 13 14 |
---------------+-------------------------------------------+-----
Fighting       | 4 5 6 7 8 9 10 12 | 12.9
Throwing       | 1 2 3 4 5 |  5.0
Armour         | 4 5 6 7 8 9 10 12 13 | 13.0
Shields        | 4 5 6 |  6.1
Dodging        | 1 2 3 4 5 6 7 8 9 |  9.6
Maces & Flails | 3 4 5 6 7 8 10 12 13 | 13.8
Invocations    | 3 5 7 |  7.0
Evocations     | 3 5 |  5.0

Action                   |  1- 3 |  4- 6 |  7- 9 | 10-12 | 13-15 || total
-------------------------+-------+-------+-------+-------+-------++-------
Melee: Flail             |   102 |       |       |       |       ||   102
       Mace              |     5 |   176 |   222 |       |       ||   403
       Dire flail        |       |       |    62 |   472 |   248 ||   782
       Whip              |       |       |       |       |   415 ||   415
Throw: Javelin           |     1 |     4 |     3 |    15 |       ||    23
       Dart              |       |       |    77 |    75 |     7 ||   159
       Boomerang         |       |       |       |    22 |    13 ||    35
       Throwing net      |       |       |       |       |     1 ||     1
Invok: Heroism           |       |       |       |     7 |     3 ||    10
       Finesse           |       |       |       |     5 |     2 ||     7
       Duel              |       |       |       |       |     1 ||     1
Evoke: Wand              |       |       |       |     2 |       ||     2
       Lightning rod     |       |       |       |     4 |     6 ||    10
       Phial of floods   |       |       |       |       |     1 ||     1
  Use: Scroll            |     2 |     5 |     6 |     7 |     3 ||    23
       Potion            |     1 |     1 |    11 |     6 |     2 ||    21
Armor: Scale mail        |    54 |    79 |   118 |       |       ||   251
       Skin              |       |       |     2 |       |       ||     2
       Chain mail        |       |       |     1 |   191 |   311 ||   503
Dodge: Dodged            |    57 |   131 |   186 |   281 |   354 ||  1009
Block: Buckler           |    23 |       |       |       |       ||    23
       Kite shield       |    15 |   105 |   147 |       |   270 ||   537
       Other             |       |       |     4 |    73 |    47 ||   124

Table legend: (Time is in decaauts)
 A = Elapsed time spent in this place.
 B = Non-inter-level travel time spent in this place.
 C = Inter-level travel time spent in this place.
 D = Time resting spent in this place.
 E = Time spent auto-exploring this place.
 F = Levels seen in this place.
 G = Mean time per level.
                   A        B        C        D        E       F      G
               +--------+--------+--------+--------+--------+-----+--------+
         Total |  16776 |  15807 |    969 |    908 |  11246 |  19 |  882.9 |
       Dungeon |   9065 |   8556 |    509 |    282 |   6355 |   9 | 1007.2 |
        Temple |    215 |    153 |     62 |      0 |    139 |   1 |  215.0 |
          Lair |   6078 |   5681 |    397 |    247 |   4119 |   6 | 1013.0 |
         Sewer |   1042 |   1042 |      0 |    379 |    467 |   1 | 1042.0 |
        Bailey |    368 |    368 |      0 |      0 |    164 |   1 |  368.0 |
         Arena |      5 |      5 |      0 |      0 |      0 |   1 |    5.0 |
               +--------+--------+--------+--------+--------+-----+--------+

Top non-repeatable levels by time:
     D:4: 1728 daAuts
  Lair:1: 1283 daAuts
  Lair:5: 1237 daAuts
     D:6: 1113 daAuts
  Lair:6: 1103 daAuts
     D:1: 1097 daAuts
   Sewer: 1042 daAuts
     D:5: 1024 daAuts
  Lair:2: 965 daAuts
     D:3: 962 daAuts
     D:2: 942 daAuts
     D:7: 826 daAuts
     D:8: 814 daAuts
  Lair:3: 807 daAuts
  Lair:4: 680 daAuts
